 Dungeon Crawl Stone Soup version 0.20-a0-150-g0ef8409 (webtiles) character file.

27 FitzyFitz the Chopper (level 2, -6/26 HPs)
             Began as a Deep Dwarf Warper on Nov 21, 2016.
             Mangled by a worm (9 damage)
             ... on level 2 of the Dungeon.
             The game lasted 00:02:30 (1022 turns).

FitzyFitz the Chopper (Deep Dwarf Warper)           Turns: 1022, Time: 00:02:31

Health: -6/26      AC:  5    Str: 14    XL:     2   Next: 93%
Magic:  4/4        EV: 11    Int: 13    God:
Gold:   48         SH:  0    Dex: 12    Spells: 4/4 levels left

rFire  . . .     SeeInvis .     a - +0 hand axe
rCold  . . .     Gourm    .     p - +0 ring mail
rNeg   . . .     Faith    .     (no shield)
rPois  .         Spirit   .     (no helmet)
rElec  .         Reflect  .     (no cloak)
rCorr  .         Harm     .     (no gloves)
MR     .....                    (no boots)
Stlth  +.........               (no amulet)
                                (no ring)
                                (no ring)

@: non-regenerating
A: damage resistance, recharge devices, sense surroundings 1, slow regeneration
3
a: Device Recharging


You were on level 2 of the Dungeon.
You were not hungry.

You visited 1 branch of the dungeon, and saw 2 of its levels.

You collected 48 gold pieces.

Inventory:

Hand Weapons
 a - a +0 hand axe (weapon)
 u - a +2 whip of electrocution
Missiles
 e - 4 tomahawks of dispersal
 k - 101 stones (quivered)
Armour
 b - a +0 leather armour
 p - a +0 ring mail (worn)
 q - a cursed +0 robe
Wands
 f - a wand of heal wounds (5/9)
Scrolls
 d - a scroll of blinking
 h - a scroll of amnesia {unknown}
 m - 2 scrolls of identify {unknown}
 o - 5 scrolls of magic mapping {unknown}
Potions
 i - a potion of lignification {unknown}
 j - a potion of berserk rage {unknown}
 l - a potion of invisibility {unknown}
 n - a potion of curing {unknown}
Books
 c - a book of Spatial Translocations

   Spells                             Type                      Level
   a - Blink                          Translocation                2
   b - Shroud of Golubria             Charms/Translocation         2
   c - Lesser Beckoning               Translocation                3
   d - Portal Projectile              Translocation                3
   e - Teleport Other                 Translocation                3
   f - Passage of Golubria            Translocation                4
Comestibles
 g - 2 bread rations
 r - a meat ration
 s - a slice of pizza
 t - a chunk of flesh


   Skills:
 - Level 1.7 Fighting
 * Level 3.6 Axes
 - Level 0.8 Throwing
 + Level 1.4 Armour
 - Level 2.1 Dodging
 - Level 1.7 Spellcasting
   Level 3.2 Translocations


You had 4 spell levels left.
You didn't know any spells.

Dungeon Overview and Level Annotations

Branches:
Dungeon (2/15)

Altars:


Innate Abilities, Weirdness & Mutations

You are resistant to damage.
You can recharge devices by infusing magical energy.
You passively map a small area around you.
You do not regenerate.


Message History

Quiver which item? (- for none, * to show all) (? for menu, Esc to quit)
Quivering
k - 101 stones for throwing.
There is a stone staircase leading up here.
You barely miss the worm. The worm bites you but does no damage.
You hit the worm.
The worm is lightly wounded.
You hit the worm.
The worm is moderately wounded.
The worm bites you.
* * * LOW HITPOINT WARNING * * *
You hit the worm.
The worm is heavily wounded.
You hit the worm.
The worm is almost dead.
The worm bites you.
* * * LOW HITPOINT WARNING * * *
You hit the worm.
The worm is almost dead.
The worm bites you!
You die...

..##.##### #.# #.#
..##.#...# #.# #.#
, ,
.........###.####.#
.........#.....##.#
*
.........#.....##.#
.....#...#.....##(#
, ,
.......###)....##(#
,
.......#......###(#
,
.......#......##@.#
.....###......##w.#
,
.....###.......#..#
..................#
########.....#..#(#
#.....##.#†#
#.....##.#)#
#.....##.#.#
########.#.########
,


You could see a worm.

Vanquished Creatures
  A leopard gecko (D:1)
  A ball python (D:2)
  3 bats
  A giant cockroach (D:2)
  5 goblins
  3 hobgoblins
  A frilled lizard (D:1)
  2 kobolds
  8 rats
25 creatures vanquished.

Notes
Turn   | Place    | Note
-------+----------+-------------------------------------------
     0 | D:1      | FitzyFitz the Deep Dwarf Warper began the quest for the Orb.
     0 | D:1      | Reached XP level 1. HP: 19/19 MP: 3/3
   260 | D:1      | Reached XP level 2. HP: 13/26 MP: 4/4
  1022 | D:2      | Mangled by a worm

Vault maps used:
D:1:      dpeg_arrival_leaves_temple_mockup, kennysheep_boxes
D:2:      led_sif_pool

Skill      XL: |  1  2 |
---------------+-------+-----
Axes           | 3 |  3.6
Fighting       | |  1.7
Throwing       | |  0.8
Armour         | |  1.4
Dodging        | |  2.1
Spellcasting   | |  1.7
Translocations | |  3.2

Action                   || total
-------------------------++-------
Melee: Hand axe          ||    69
Throw: Stone             ||     7
       Tomahawk          ||     1
Armor: Leather armour    ||     1
       Ring mail         ||    28
Dodge: Dodged            ||    47
